 Dungeon Crawl Stone Soup version 0.31-a0-654-gbe3e110b4e (webtiles) character file.

Game seed: 3087420076150218665

11187 cforsyth the Prestidigitator (level 11, -1/75 HPs)
             Began as a Gnoll Artificer on Aug 29, 2023.
             Was a Priest of Hepliaklqana.
             Slain by a two-headed ogre
             ... wielding a +0 giant spiked club
              (23 damage)
             ... on level 11 of the Dungeon.
             The game lasted 00:27:32 (13633 turns).

cforsyth the Prestidigitator (Gnoll Artificer)     Turns: 13633, Time: 00:27:32

Health: -1/75      AC:  8    Str: 12    XL:     11   Next: 73%
Magic:  30/30      EV: 12    Int: 11    God:    Hepliaklqana [***...]
Gold:   550        SH:  9    Dex: 12    Spells: 23/23 levels left

rFire   + + .        L - +4 scimitar (flame)
rCold   . . .        k - +0 kite shield
rNeg    . . .        e - +2 leather armour {rF+}
rPois   .            (no helmet)
rElec   .            w - +0 cloak "Ketautzo" {Fly Regen+ Int-4}
rCorr   .            h - +0 pair of gloves
SInv    .            (no boots)
Will    .....        u - amulet of the acrobat
Stlth   +++          m - ring of protection from fire
HPRegen 1.12/turn    v - ring of magical power
MPRegen 0.22/turn

%: acrobat
@: flying
A: reduced essence, fangs 1, strong nose, distributed training
a: Renounce Religion, Recall Ancestor, Ancestor Identity, Transference


You were on level 11 of the Dungeon.
You worshipped Hepliaklqana.
Hepliaklqana was most pleased with you.
You visited 2 branches of the dungeon, and saw 12 of its levels.
You also visited: Sewer.

You collected 550 gold pieces.

Inventory:

Hand Weapons
 a - a +0 club
 r - a +0 flail
 z - a +2 dagger of venom
 E - a +1 short sword of venom
 L - a +4 scimitar of flaming (weapon)
Armour
 b - a +0 leather armour
 e - a +2 leather armour of fire resistance (worn)
 h - a +0 pair of gloves (worn)
 k - a +0 kite shield (worn)
 w - the +0 cloak "Ketautzo" (worn) {Fly Regen+ Int-4}
   (You found it on level 6 of the Dungeon)

   Int-4:     It affects your intelligence (-4).
   Fly:       It grants you flight.
   Regen+:    It increases your rate of health regeneration.
Jewellery
 m - a ring of protection from fire (left hand)
 u - an amulet of the acrobat (around neck)
 v - a ring of magical power (right hand)
 H - a ring of positive energy
 I - a ring of flight
Wands
 c - a wand of flame (16) (quivered)
 d - a wand of charming (16)
 y - a wand of iceblast (7)
 J - a wand of light (8)
 O - a wand of polymorph (4)
Scrolls
 g - 2 scrolls of noise
 i - a scroll of immolation
 n - a scroll of vulnerability
 o - 2 scrolls of amnesia {unknown}
 p - a scroll of brand weapon {unknown}
 q - 2 scrolls of acquirement {unknown}
 C - 2 scrolls of butterflies {unknown}
 D - 2 scrolls of revelation
 G - a scroll of fear {unknown}
 K - a scroll of fog
 N - a scroll of identify
 P - a scroll of enchant weapon {unknown}
Potions
 f - 4 potions of enlightenment
 j - 7 potions of curing
 l - 3 potions of magic
 s - 2 potions of lignification {unknown}
 t - a potion of mutation {unknown}
 x - 3 potions of attraction
 A - 3 potions of heal wounds
 B - 2 potions of might
 F - a potion of ambrosia {unknown}
 M - a potion of haste {unknown}


   Skills:
 + Level 7.2 Fighting
 + Level 6.7 Short Blades
 + Level 6.7 Long Blades
 + Level 6.7 Axes
 + Level 6.7 Maces & Flails
 + Level 6.7 Polearms
 + Level 6.7 Staves
 + Level 6.7 Ranged Weapons
 + Level 6.7 Throwing
 + Level 8.2 Armour
 + Level 7.2 Dodging
 + Level 7.1 Stealth
 + Level 6.7 Shields
 + Level 6.7 Unarmed Combat
 + Level 6.7 Spellcasting
 + Level 5.5 Conjurations
 + Level 5.5 Hexes
 + Level 5.5 Summonings
 + Level 5.5 Necromancy
 + Level 5.5 Translocations
 + Level 5.5 Transmutations
 + Level 5.5 Fire Magic
 + Level 5.5 Ice Magic
 + Level 5.5 Air Magic
 + Level 5.5 Earth Magic
 + Level 5.5 Poison Magic
 + Level 7.3 Invocations
 + Level 9.4 Evocations
 + Level 6.1 Shapeshifting


You had 23 spell levels left.
You didn't know any spells.
Your spell library contained the following spells:

 Spells                   Type           Power      Damage    Failure   Level
 Kiss of Death            Conj/Necr      60%        2d10      7%          1
 Magic Dart               Conj           60%        1d6       7%          1
 Slow                     Hex            60%        N/A       7%          1
 Call Imp                 Summ           30%        N/A       11%         2
 Sublimation of Blood     Necr           15%        N/A       11%         2
 Wereblood                Tmut           15%        N/A       11%         2
 Confusing Touch          Hex            15%        N/A       22%         3
 Mephitic Cloud           Conj/Pois/Air  15%        N/A       22%         3
 Vampiric Draining        Necr           15%        2d7       22%         3
 Dispel Undead            Necr           15%        3d10      56%         4
 Summon Hydra             Summ           7%         N/A       100%        7


Dungeon Overview and Level Annotations

Branches:
Dungeon (11/15)            Temple (1/1) D:5           Sewer (visited)
   Lair: D:8-11         Orc: D:9-12

Altars:
Ashenzari
Cheibriados
Dithmenos
Elyvilon
Fedhas
Gozag
Hepliaklqana
Kikubaaqudgha
Makhleb
Nemelex Xobeh
Okawaru
Qazlal
Ru
Sif Muna
Trog
Uskayaw
Vehumet
Wu Jian
Xom
Yredelemnul
Zin
The Shining One

Shops:
D:4 =

Annotations:
D:9 2 runed translucent doors, exclusion: orange crystal statue
D:10 3 runed translucent doors, thirtiethelement's ghost, journeyman DsFi


Innate Abilities, Weirdness & Mutations

Your life essence is reduced to manifest your ancestor. (-10% HP)
You have very sharp teeth.
Your uncanny sense of smell can sniff out nearby items.
Your experience applies equally to all skills.


Message History

The two-headed ogre hits Hamal with a +0 giant spiked club!!
The two-headed ogre hits Hamal with a +0 giant club!!
Hamal is destroyed!
There is an open door here.
Things that are here:
a +0 shortbow; a centaur corpse
There is an open door here.
You reach down and close the door.
A two-headed ogre opens the door.
There is an open door here.
You reach down and close the door.
A two-headed ogre opens the door.
There is an open door here.
You reach down and close the door.
Something unseen breaks down the door.
There is a stone staircase leading up here.
You fly upwards.
Level annotation: 3 runed translucent doors, thirtiethelement's ghost, journeyman DsFi
There is a stone staircase leading down, spattered with blood here.
You start resting.
Hamal emerges from the mists of memory!
You start resting.
HP restored.
You fly downwards.
The two-headed ogre hits you with a +0 giant spiked club!
The two-headed ogre hits you with a +0 giant club!!
There is a stone staircase leading up, spattered with blood here.
You hit the two-headed ogre. You burn the two-headed ogre.
Your bite misses the two-headed ogre.
The two-headed ogre is lightly wounded.
The two-headed ogre hits you with a +0 giant spiked club!
The two-headed ogre barely misses you.
Hamal gestures at the two-headed ogre while chanting.
The puff of frost hits the two-headed ogre!
You hit the two-headed ogre. You burn the two-headed ogre.
The two-headed ogre is moderately wounded.
The two-headed ogre hits you with a +0 giant spiked club!!
* * * LOW HITPOINT WARNING * * *
The two-headed ogre hits you with a +0 giant club!!
You die...

....#.)#.......#
######)'.......#
###.......#
#####'######
#..O...#
########'##
.....(....#
∆......O...#
......R@..#
..........#
..........#
..........#
..........#
#####+#####


You could see the friendly Hamal the battlemage and a two-headed ogre (ally
target).

Vanquished Creatures
  A troll (D:10)
  A centaur simulacrum (D:10)
  Eustachio (D:4)
  An unseen horror simulacrum (D:10)
  13 yaks
  A steam dragon (D:9)
  4 vampire mosquitoes
  A water moccasin (D:6)
  Duvessa (D:4)
  2 orc warriors (D:9)
  3 ice beasts
  2 black bears
  2 wolves
  An ogre (D:5)
  4 centaurs
  4 kobold brigands
  2 bullfrogs
  7 scorpions
  Dowan (D:4)
  13 killer bees
  3 howler monkeys
  A bullfrog zombie (D:5)
  3 hounds
  3 orc priests
  2 iguanas (D:6)
  2 sleepcaps
  11 orc wizards
  3 hound zombies (D:5)
  2 howler monkey zombies (D:5)
  4 gnolls
  8 adders
  2 river rats
  2 shadow imps
  2 white imps
  2 ufetubi
  A worm (D:2)
  2 dart slugs
  43 orcs
  11 endoplasms
  4 giant cockroaches
  10 goblins
  11 hobgoblins
  6 jackals
  4 quokkas
  7 ball pythons
  3 bats
  2 frilled lizards
  19 kobolds
  13 rats
251 creatures vanquished.

Vanquished Creatures (collateral kills)
  A boulder beetle (D:11)
  A harpy (shapeshifter) (D:9)
  Maurice (D:9)
  An efreet (D:9)
  A polar bear (D:10)
  A shadow (D:10)
  4 yaks (D:9)
  Grum (D:9)
  3 vampire mosquitoes
  2 black bears
  An orc warrior (D:8)
  2 wolves (D:9)
  2 centaurs
  A kobold brigand (D:8)
  2 killer bees
  An orc priest (D:9)
  3 orc wizards
  2 white imps (D:10)
  18 orcs
  A quokka (D:4)
  12 kobolds
  A rat (D:4)
62 creatures vanquished.

Vanquished Creatures (others)
  A yak (D:9)
  A vampire mosquito (D:7)
  An orc priest (D:4)
  8 battlemagi
  2 iguanas (D:4)
  2 ancestors
  2 orcs (D:4)
17 creatures vanquished.

Grand Total: 330 creatures vanquished

Notes
Turn   | Place    | Note
-------+----------+-------------------------------------------
     0 | D:1      | cforsyth the Gnoll Artificer began the quest for the Orb.
     0 | D:1      | Reached XP level 1. HP: 17/17 MP: 1/1
   271 | D:1      | Reached XP level 2. HP: 23/23 MP: 2/2
   684 | D:1      | Reached XP level 3. HP: 16/28 MP: 3/3
  1222 | D:2      | Reached skill level 1 in Invocations
  1239 | D:2      | Reached skill level 1 in Short Blades
  1239 | D:2      | Reached skill level 1 in Long Blades
  1239 | D:2      | Reached skill level 1 in Axes
  1239 | D:2      | Reached skill level 1 in Maces & Flails
  1239 | D:2      | Reached skill level 1 in Polearms
  1239 | D:2      | Reached skill level 1 in Staves
  1239 | D:2      | Reached skill level 1 in Ranged Weapons
  1239 | D:2      | Reached skill level 1 in Throwing
  1239 | D:2      | Reached skill level 1 in Shields
  1239 | D:2      | Reached skill level 1 in Unarmed Combat
  1239 | D:2      | Reached skill level 1 in Spellcasting
  1811 | D:2      | Found a glowing silver altar of Zin.
  1844 | D:2      | Reached XP level 4. HP: 31/34 MP: 5/5
  1891 | D:2      | Reached skill level 1 in Shapeshifting
  2320 | D:3      | Reached skill level 1 in Conjurations
  2320 | D:3      | Reached skill level 1 in Hexes
  2320 | D:3      | Reached skill level 1 in Summonings
  2320 | D:3      | Reached skill level 1 in Necromancy
  2320 | D:3      | Reached skill level 1 in Translocations
  2320 | D:3      | Reached skill level 1 in Transmutations
  2320 | D:3      | Reached skill level 1 in Fire Magic
  2320 | D:3      | Reached skill level 1 in Ice Magic
  2320 | D:3      | Reached skill level 1 in Air Magic
  2320 | D:3      | Reached skill level 1 in Earth Magic
  2320 | D:3      | Reached skill level 1 in Poison Magic
  3154 | D:3      | Reached XP level 5. HP: 36/40 MP: 5/7
  4202 | D:4      | Noticed Dowan
  4206 | D:4      | Noticed Duvessa
  4211 | D:4      | Killed Dowan
  4214 | D:4      | Killed Duvessa
  4215 | D:4      | Reached skill level 5 in Armour
  4215 | D:4      | Reached XP level 6. HP: 28/47 MP: 7/9
  4251 | D:4      | Noticed Eustachio
  4279 | D:4      | Found Boohaedgh's Jewellery Shoppe.
  4318 | D:4      | Found a glowing drain.
  4327 | Sewer    | Entered a sewer
  4516 | Sewer    | Reached skill level 7 in Evocations
  4516 | Sewer    | Reached XP level 7. HP: 16/52 MP: 10/10
  4760 | Sewer    | Found a white marble altar of Elyvilon.
  5478 | D:4      | Killed Eustachio
  6178 | D:5      | Entered Level 5 of the Dungeon
  6281 | D:5      | Reached XP level 8. HP: 43/60 MP: 12/12
  6942 | D:6      | Identified the +0 cloak "Ketautzo" {Fly Regen+ Int-4}
  7213 | D:5      | Found a staircase to the Ecumenical Temple.
  7239 | Temple   | Entered the Ecumenical Temple
  8089 | D:5      | Found a basalt altar of Yredelemnul.
  8110 | D:5      | Reached XP level 9. HP: 65/66 MP: 14/14
  8188 | D:5      | Found a stormy altar of Qazlal.
  8305 | D:5      | Found an ancient bone altar of Kikubaaqudgha.
  8650 | D:6      | Found a faded altar of an unknown god.
  8650 | D:6      | Found a radiant altar of Vehumet.
  8658 | D:6      | Found a snail-covered altar of Cheibriados.
  8660 | D:6      | Found a hazy altar of Hepliaklqana.
  8662 | D:6      | Found a shadowy altar of Dithmenos.
  8666 | D:6      | Became a worshipper of Hepliaklqana the Forgotten
  8751 | D:6      | Reached skill level 5 in Fighting
  8751 | D:6      | Reached skill level 5 in Dodging
  8945 | D:6      | Found a blossoming altar of Fedhas.
  9081 | D:7      | Found a burning altar of Makhleb.
  9097 | D:7      | Reached skill level 5 in Stealth
  9127 | D:7      | Reached * piety under Hepliaklqana
  9208 | D:7      | Reached skill level 8 in Evocations
  9346 | D:7      | Reached skill level 5 in Invocations
  9724 | D:8      | Found a glowing silver altar of Zin.
  9872 | D:8      | Found an ornate altar of the Wu Jian Council.
 10085 | D:8      | Reached ** piety under Hepliaklqana
 10086 | D:8      | Remembered your ancestor Hamal as a battlemage
 10244 | D:8      | Reached XP level 10. HP: 67/67 MP: 17/17
 10690 | D:9      | Noticed a harpy
 10697 | D:9      | Killed a harpy
 10698 | D:9      | Reached skill level 5 in Short Blades
 10698 | D:9      | Reached skill level 5 in Long Blades
 10698 | D:9      | Reached skill level 5 in Axes
 10698 | D:9      | Reached skill level 5 in Maces & Flails
 10698 | D:9      | Reached skill level 5 in Polearms
 10698 | D:9      | Reached skill level 5 in Staves
 10698 | D:9      | Reached skill level 5 in Ranged Weapons
 10698 | D:9      | Reached skill level 5 in Throwing
 10698 | D:9      | Reached skill level 5 in Shields
 10698 | D:9      | Reached skill level 5 in Unarmed Combat
 10698 | D:9      | Reached skill level 5 in Spellcasting
 10705 | D:9      | Noticed a boulder beetle
 10870 | D:9      | Noticed Grum
 10870 | D:9      | Found a sacrificial altar of Ru.
 11183 | D:9      | Reached skill level 5 in Shapeshifting
 11267 | D:9      | Killed Grum
 11320 | D:9      | Found a runed translucent door.
 11332 | D:9      | Found a runed translucent door.
 11347 | D:9      | Found a runed translucent door.
 11410 | D:9      | Found a runed translucent door.
 11616 | D:9      | Noticed Maurice
 11630 | D:9      | Killed Maurice
 11631 | D:9      | Reached XP level 11. HP: 74/74 MP: 19/19
 11646 | D:9      | Reached skill level 9 in Evocations
 11668 | D:9      | Reached skill level 5 in Conjurations
 11668 | D:9      | Reached skill level 5 in Hexes
 11668 | D:9      | Reached skill level 5 in Summonings
 11668 | D:9      | Reached skill level 5 in Necromancy
 11668 | D:9      | Reached skill level 5 in Translocations
 11668 | D:9      | Reached skill level 5 in Transmutations
 11668 | D:9      | Reached skill level 5 in Fire Magic
 11668 | D:9      | Reached skill level 5 in Ice Magic
 11668 | D:9      | Reached skill level 5 in Air Magic
 11668 | D:9      | Reached skill level 5 in Earth Magic
 11668 | D:9      | Reached skill level 5 in Poison Magic
 11963 | D:9      | Found a white marble altar of Elyvilon.
 11964 | D:9      | Found an opulent altar of Gozag.
 12249 | D:9      | Noticed an orange crystal statue
 12320 | D:10     | Entered Level 10 of the Dungeon
 12470 | D:10     | Reached *** piety under Hepliaklqana
 12650 | D:10     | Identified the +4 war axe "Borekliu" {spect, Str+2 Int+4}
 12660 | D:10     | Found a shimmering blue altar of Sif Muna.
 12733 | D:10     | Identified the +4 spear of Infection {freeze, rCorr Str-4
                  | Dex+7 SInv}
 13223 | D:10     | Found a runed translucent gate.
 13223 | D:10     | Found a runed translucent gate.
 13223 | D:10     | Found a runed translucent gate.
 13471 | D:10     | Noticed thirtiethelement's ghost (journeyman DsFi)
 13514 | D:11     | Noticed a boulder beetle
 13537 | D:11     | Killed a boulder beetle
 13579 | D:11     | Noticed a two-headed ogre
 13633 | D:11     | Slain by a two-headed ogre

Illustrated notes

Levels and vault maps discovered:
D:1:      amcnicky_arrival_flooded_fountain, layout_basic, minmay_tetromino_s4
D:2:      layout_loops_ring, basic_altar, st_stairs_3, solitary_fountain,
          solitary_fountain
D:3:      minmay_angry_zag, layout_rooms
D:4:      layout_gridville, portal_sewer_entry_b, serial_shops,
          nicolae_shop_stone, serial_rivers, chequers_serial_rivers_marsh,
          chequers_serial_rivers_micro_c, chequers_serial_rivers_room_b,
          chequers_serial_rivers_small_3, saegor_snake_ambush, uniq_duvessa,
          uniq_eustachio
D:5:      layout_basic, general_overflow_altar,
          nicolae_qazlal_style_of_elements, nicolae_yredelemnul_corpse_copse,
          minmay_temple_entry_proselytizer, minmay_fractal_squares_diagonal_5
D:6:      layout_rooms, chequers_temple_overflow_minitemple,
          lemuel_coloured_pillars_altar
D:7:      layout_basic, mainiacjoe_overflow_cross_hatched,
          kennysheep_small_spiral, minmay_misc_feat_x, moated_statue
D:8:      layout_basic, nicolae_wu_jian_wuxing_cycle, old_standard_altar
D:9:      cheibrodos_elevator_heist, layout_loops_corners,
          mainiacjoe_overflow_alcove_4, minitemple, minmay_statue_crystal_thing,
          uniq_grum, uniq_maurice
D:10:     layout_irregular_city, mainiacjoe_overflow_concentric_impassable,
          gammafunk_ghost_necromancy, serial_ice, serial_ice_c, serial_ice_h,
          serial_ice_b, serial_ice_m
D:11:     layout_roguey, due_lair_maze_entry_diamond, david_orc_4,
          nzn_sisyphean_effort, uniq_erica
Temple:   nicolae_temple_ecumenical_triangle

Skill      XL: |  1  2  3  4  5  6  7  8  9 10 11 |
---------------+----------------------------------+-----
Invocations    | 1 2 3 4 5 6 7 |  7.3
Short Blades   | 1 2 3 4 5 6 |  6.7
Long Blades    | 1 2 3 4 5 6 |  6.7
Axes           | 1 2 3 4 5 6 |  6.7
Maces & Flails | 1 2 3 4 5 6 |  6.7
Polearms       | 1 2 3 4 5 6 |  6.7
Staves         | 1 2 3 4 5 6 |  6.7
Ranged Weapons | 1 2 3 4 5 6 |  6.7
Throwing       | 1 2 3 4 5 6 |  6.7
Shields        | 1 2 3 4 5 6 |  6.7
Unarmed Combat | 1 2 3 4 5 6 |  6.7
Spellcasting   | 1 2 3 4 5 6 |  6.7
Shapeshifting  | 1 2 3 4 5 6 |  6.1
Conjurations   | 1 2 3 4 5 |  5.5
Hexes          | 1 2 3 4 5 |  5.5
Summonings     | 1 2 3 4 5 |  5.5
Necromancy     | 1 2 3 4 5 |  5.5
Translocations | 1 2 3 4 5 |  5.5
Transmutations | 1 2 3 4 5 |  5.5
Fire Magic     | 1 2 3 4 5 |  5.5
Ice Magic      | 1 2 3 4 5 |  5.5
Air Magic      | 1 2 3 4 5 |  5.5
Earth Magic    | 1 2 3 4 5 |  5.5
Poison Magic   | 1 2 3 4 5 |  5.5
Fighting       | 3 4 5 6 7 |  7.2
Dodging        | 3 4 5 6 7 |  7.2
Armour         | 5 6 7 8 |  8.2
Stealth        | 3 4 5 6 7 |  7.1
Evocations     | 7 8 9 |  9.4

Action                     |  1- 3 |  4- 6 |  7- 9 | 10-12 || total
---------------------------+-------+-------+-------+-------++-------
  Melee: Club              |   203 |    80 |       |       ||   283
         Bite              |    21 |    13 |    66 |    26 ||   126
         Punch             |     2 |     2 |       |       ||     4
         Flail             |       |   143 |   251 |       ||   394
         Dagger            |       |       |   222 |       ||   222
         Short sword       |       |       |   161 |    13 ||   174
         Scimitar          |       |       |       |   237 ||   237
 Invoke: Ancestor Life: Ba |       |       |     1 |       ||     1
         Recall Ancestor   |       |       |       |     2 ||     2
  Evoke: Wand              |       |    25 |    50 |       ||    75
    Use: Scroll            |       |    11 |     4 |     2 ||    17
         Potion            |       |       |     3 |       ||     3
   Stab: Sleeping          |     4 |       |     7 |     2 ||    13
         Distracted        |       |       |     1 |     7 ||     8
         Confused          |       |       |     1 |       ||     1
 Armour: Leather armour    |    73 |   117 |   216 |    65 ||   471
  Dodge: Dodged            |   148 |   280 |   428 |   192 ||  1048
  Block: Kite shield       |       |       |   363 |   160 ||   523

Table legend: (Time is in decaauts)
 A = Elapsed time spent in this place.
 B = Non-inter-level travel time spent in this place.
 C = Inter-level travel time spent in this place.
 D = Time resting spent in this place.
 E = Time spent auto-exploring this place.
 F = Levels seen in this place.
 G = Mean time per level.
                   A        B        C        D        E       F      G
               +--------+--------+--------+--------+--------+-----+--------+
         Total |  13993 |  13540 |    453 |   3094 |   6816 |  13 | 1076.4 |
       Dungeon |  13460 |  13012 |    448 |   2869 |   6610 |  11 | 1223.6 |
        Temple |     20 |     15 |      5 |      0 |     11 |   1 |   20.0 |
         Sewer |    512 |    512 |      0 |    225 |    195 |   1 |  512.0 |
               +--------+--------+--------+--------+--------+-----+--------+

Top non-repeatable levels by time:
     D:2: 2140 daAuts
     D:3: 1712 daAuts
     D:4: 1405 daAuts
     D:8: 1344 daAuts
     D:9: 1344 daAuts
     D:5: 1227 daAuts
     D:1: 1179 daAuts
    D:10: 1170 daAuts
     D:6: 1135 daAuts
     D:7: 632 daAuts
   Sewer: 512 daAuts
    D:11: 168 daAuts
  Temple: 20 daAuts
